 Dungeon Crawl Stone Soup version 0.22-a0-617-g6d95e9e (webtiles) character file.

2894 emperorscorpion the Grappler (level 9, -6/71 HPs)
             Began as a Pale Draconian Fighter on July 12, 2018.
             Was an Initiate of Cheibriados.
             Mangled by a two-headed ogre
             ... wielding a +0 giant club
              (33 damage)
             ... on level 8 of the Dungeon.
             The game lasted 00:14:14 (8053 turns).

emperorscorpion the Grappler (DrFi)                 Turns: 8053, Time: 00:14:14

Health: -6/71      AC:  9    Str: 20    XL:     9   Next: 48%
Magic:  11/11      EV: 12    Int:  8    God:    Cheibriados [......]
Gold:   439        SH: 16    Dex: 14    Spells: 7/10 levels left

rFire    . . .     SeeInvis .     - Unarmed
rCold    + . .     Gourm    .   d - +0 large shield
rNeg     . . .     Faith    .   (armour unavailable)
rPois    .         Spirit   .   (helmet restricted)
rElec    .         Reflect  .   k - +0 cloak
rCorr    .         Harm     .   (no gloves)
MR       .....                  g - +0 pair of boots
Stlth    ++........             (no amulet)
HPRegen  0.00/turn              (no ring)
MPRegen  0.12/turn              (no ring)

@: short of breath, slow
A: breathe steam, unfitting armour, stinger 1, cold resistance 1, dopey 1,
inhibited regeneration, cold-blooded, AC +7
a: Breathe Steam, Bend Time, Renounce Religion


You were on level 8 of the Dungeon.
You worshipped Cheibriados.
Cheibriados was noncommittal.
You were hungry.

You visited 2 branches of the dungeon, and saw 9 of its levels.

You collected 439 gold pieces.

Inventory:

Missiles
 f - 255 stones (quivered)
 i - 124 arrows
 o - 8 poisoned needles
 s - 6 tomahawks
 u - 44 bolts
 y - 16 sling bullets
Armour
 a - a +1 shield
 d - a +0 large shield (worn)
 g - a +0 pair of boots (worn)
 k - a +0 cloak (worn)
Jewellery
 r - an uncursed ring of fire
Wands
 e - a wand of enslavement (10)
 t - a wand of flame (26)
Scrolls
 l - 4 scrolls of remove curse
 m - 2 scrolls of immolation
 n - 2 scrolls of enchant weapon
 v - a scroll of identify
Potions
 b - a potion of might
 h - a potion of ambrosia
 j - a potion of cancellation
 p - 3 potions of lignification
 q - 2 potions of brilliance
 w - a potion of agility
 x - a potion of degeneration {unknown}
 A - 2 potions of flight {unknown}
 B - a potion of magic {unknown}
Comestibles
 c - 16 rations


   Skills:
 + Level 4.2 Fighting
 + Level 0.1 Throwing
 + Level 5.7 Dodging
 + Level 2.6 Stealth
 + Level 7.3 Shields
 + Level 8.5 Unarmed Combat
 * Level 1.4 Spellcasting
 * Level 2.1 Conjurations
 * Level 1.5 Air Magic
 * Level 1.4 Poison Magic


You had 7 spell levels left.
You knew the following spells:

 Your Spells              Type           Power        Failure   Level  Hunger
a - Mephitic Cloud        Conj/Pois/Air  #.......     99%         3    ####...

Your spell library contained the following spells:

 Spells                   Type           Power        Failure   Level  Hunger
 Venom Bolt               Conj/Pois      #.........   100%        5    ######.
 Olgreb's Toxic Radiance  Pois           #.......     100%        4    #####..
 Sting                    Conj/Pois      #...         88%         1    ##.....
 Poisonous Vapours        Pois/Air       #.....       97%         2    ###....


Dungeon Overview and Level Annotations

Branches:
Dungeon (8/15)             Temple (1/1) D:4            Lair (0/6) D:8

Altars:
Ashenzari
Cheibriados
Dithmenos
Elyvilon
Fedhas
Gozag
Hepliaklqana
Kikubaaqudgha
Makhleb
Nemelex Xobeh
Okawaru
Qazlal
Ru
Sif Muna
Trog
Uskayaw
Vehumet
Wu Jian
Xom
Yredelemnul
Zin
The Shining One
Jiyva


Innate Abilities, Weirdness & Mutations

You can breathe blasts of scalding, opaque steam.
Your pale cyan-grey scales are hard. (AC +7)
You cannot fit into any form of body armour.
You are cold-blooded and may be slowed by cold attacks.
Your tail ends in a poisonous barb.
Your flesh is cold resistant. (rC+)
You are dopey. (Int -2)
You do not regenerate when monsters are visible.


Message History

You block the two-headed ogre's attack. x2
You hit the two-headed ogre but do no damage.
Your tail-slap misses the two-headed ogre.
The two-headed ogre is severely wounded.
You block the quokka's attack.
You hit the two-headed ogre. You tail-slap the two-headed ogre.
The two-headed ogre is poisoned.
The two-headed ogre is severely wounded.
You block the quokka's attack. You block the two-headed ogre's attack.
The two-headed ogre hits you with a giant club!
The quokka closely misses you.
You punch the two-headed ogre!
The two-headed ogre is almost dead.
You block the two-headed ogre's attack.
The two-headed ogre hits you with a giant club!!
* * * LOW HITPOINT WARNING * * *
You block the quokka's attack.
You feel much better. You block the quokka's attack.
The two-headed ogre hits you with a giant club!!
You die...

#.... ####...... #....
#........ .#....
+......) ......
#......# #####.#
+......+ .......
#......# #####.#
#..O...# ###.#
###.r@...# #<...
#.....##############..
+.....'...............
#.....#############.#.
#.....# #...
#[....######## ###.
#.....##.....# #.
########.....########.
#..............


You could see a two-headed ogre and a quokka.

Vanquished Creatures
  Erica (D:8)
  Sigmund (D:5)
  A human (D:4)
  An orc warrior (D:7)
  A water moccasin (D:5)
  A hornet zombie (D:6)
  A sky beast (D:7)
  2 ice beasts
  2 ogres
  A centaur (D:7)
  A bullfrog (D:7)
  A howler monkey (D:4)
  A crimson imp (D:5)
  A human zombie (D:4)
  A quasit (D:5)
  6 orc wizards
  A gnoll shaman (D:6)
  A jelly (D:7)
  Crazy Yiuf (D:2)
  5 orc priests
  A bullfrog skeleton (D:4)
  A centaur skeleton (D:5)
  Natasha (thrice) (D:2)
  An iguana (D:8)
  5 worker ants
  A hound skeleton (D:5)
  A worker ant zombie (D:5)
  6 gnolls
  8 adders
  2 shadow imps
  An ooze (D:1)
  2 adder skeletons
  2 worms
  4 dart slugs
  6 leopard geckos
  21 orcs
  A giant cockroach (D:3)
  8 goblins
  8 hobgoblins
  2 jackals (D:1)
  A quokka (D:6)
  A ball python skeleton (D:5)
  9 bats
  2 frilled lizards
  A goblin zombie (D:4)
  A jackal skeleton (D:4)
  4 kobolds (D:2)
  11 rats
145 creatures vanquished.

Notes
Turn   | Place    | Note
-------+----------+-------------------------------------------
     0 | D:1      | emperorscorpion the Draconian Fighter began the quest for the Orb.
     0 | D:1      | Reached XP level 1. HP: 19/19 MP: 1/1
    77 | D:1      | Reached XP level 2. HP: 21/26 MP: 2/2
   653 | D:1      | Reached XP level 3. HP: 27/31 MP: 3/3
  1365 | D:2      | Found a runed door.
  1369 | D:2      | Noticed Crazy Yiuf
  1376 | D:2      | Gained mutation: Your tail ends in a poisonous barb. [potion of mutation]
  1376 | D:2      | Gained mutation: You are dopey. (Int -2) [potion of mutation]
  1376 | D:2      | Gained mutation: You do not regenerate when monsters are visible. [potion of mutation]
  1376 | D:2      | Gained mutation: Your flesh is cold resistant. (rC+) [potion of mutation]
  1391 | D:2      | Killed Crazy Yiuf
  1391 | D:2      | Reached skill level 3 in Unarmed Combat
  1391 | D:2      | Reached XP level 4. HP: 16/39 MP: 4/4
  1811 | D:2      | Noticed Natasha
  1828 | D:2      | Killed Natasha
  2285 | D:2      | Noticed Natasha
  2317 | D:2      | Killed Natasha
  2317 | D:2      | Reached XP level 5. HP: 27/45 MP: 5/5
  2379 | D:2      | Noticed Natasha
  2389 | D:2      | Killed Natasha
  3166 | D:3      | Found a burning altar of Makhleb.
  3353 | D:3      | Found a shadowy altar of Dithmenos.
  3727 | D:4      | Noticed a human
  3728 | D:4      | Found a runed door.
  3733 | D:4      | Found a basalt altar of Yredelemnul.
  3747 | D:4      | Reached skill level 1 in Stealth
  3747 | D:4      | Reached skill level 4 in Unarmed Combat
  3865 | D:4      | Reached XP level 6. HP: 48/52 MP: 6/6
  4018 | D:4      | Killed a human
  4122 | D:4      | Found a sparkling altar of Nemelex Xobeh.
  4492 | D:4      | Found a staircase to the Ecumenical Temple.
  4500 | Temple   | Entered the Ecumenical Temple
  4680 | D:4      | Found a deep blue altar of Sif Muna.
  4767 | D:5      | Entered Level 5 of the Dungeon
  4876 | D:5      | Reached skill level 5 in Unarmed Combat
  4876 | D:5      | Your scales start taking on a pale cyan-grey colour.
  4876 | D:5      | Reached XP level 7. HP: 51/58 MP: 7/7
  4961 | D:5      | Reached skill level 5 in Shields
  5090 | D:5      | Found a blossoming altar of Fedhas.
  5238 | D:5      | Noticed Sigmund
  5243 | D:5      | Killed Sigmund
  5243 | D:5      | Reached skill level 6 in Unarmed Combat
  5270 | D:5      | Reached XP level 8. HP: 66/66 MP: 8/8
  5290 | D:5      | Found a basalt altar of Yredelemnul.
  5290 | D:5      | Found a shattered altar of Ashenzari.
  5792 | D:6      | Found an iron altar of Okawaru.
  6127 | D:6      | Reached skill level 7 in Unarmed Combat
  6232 | D:6      | Reached skill level 5 in Dodging
  6446 | D:6      | Found a stormy altar of Qazlal.
  6984 | D:7      | Reached XP level 9. HP: 71/71 MP: 9/9
  7297 | D:7      | Reached skill level 8 in Unarmed Combat
  7308 | D:7      | Learned a level 3 spell: Mephitic Cloud
  7337 | D:8      | Found a sacrificial altar of Ru.
  7368 | D:8      | Reached skill level 1 in Conjurations
  7601 | D:8      | Found a snail-covered altar of Cheibriados.
  7617 | D:8      | Became a worshipper of Cheibriados the Contemplative
  7651 | D:8      | Found a staircase to the Lair.
  7959 | D:8      | Noticed Erica
  7963 | D:8      | Killed Erica
  7963 | D:8      | Reached skill level 1 in Spellcasting
  7963 | D:8      | Reached skill level 1 in Air Magic
  7963 | D:8      | Reached skill level 1 in Poison Magic
  8043 | D:8      | Noticed a two-headed ogre
  8052 | D:8      | HP: 3/71 [two-headed ogre/giant club (24)]
  8053 | D:8      | Mangled by a two-headed ogre

Vault maps used:
D:1:      onia_arrival_handbag
D:2:      uniq_crazy_yiuf_cottage, uniq_natasha
D:3:      lemuel_round_altar, nicolae_overflow_crystal_walls
D:4:      kennysheep_mini, lemuel_blue_sif_altar,
          minmay_temple_entry_statues_pillars, first_ration,
          dk_yredelemnul_ordeal
D:5:      fedhas_altar_3, gammafunk_temple_overflow_wave, uniq_sigmund
D:6:      kennysheep_little_box, grunt_qazlal_clouds
D:8:      nicolae_ru_sacrificial_ziggurat, cheibrodos_worm_habitat,
          dpeg_oklobed_lair, uniq_erica
Temple:   pf_slimified_temple

Skill      XL: |  1  2  3  4  5  6  7  8  9 |
---------------+----------------------------+-----
Dodging        | 3 4 5 |  5.7
Unarmed Combat | 3 4 5 6 7 8 |  8.5
Shields        | 4 5 6 7 |  7.3
Stealth        | 1 2 |  2.6
Fighting       | 4 |  4.2
Conjurations   | 2 |  2.1
Spellcasting   | 1 |  1.4
Air Magic      | 1 |  1.5
Poison Magic   | 1 |  1.4
Throwing       | |  0.1

Action                   |  1- 3 |  4- 6 |  7- 9 || total
-------------------------+-------+-------+-------++-------
Melee: Unarmed           |   173 |   241 |   102 ||   516
       Tailslap          |    19 |    42 |    13 ||    74
Throw: Stone             |       |     2 |     2 ||     4
 Abil: Breathe Steam     |       |       |    41 ||    41
Evoke: Wand              |       |       |     1 ||     1
  Use: Potion            |     4 |     1 |     3 ||     8
       Scroll            |       |     8 |     4 ||    12
 Stab: Sleeping          |     1 |     1 |       ||     2
       Distracted        |       |     2 |     1 ||     3
  Eat: Chunk             |     2 |    10 |    15 ||    27
Armor: Skin              |    43 |    38 |    27 ||   108
Dodge: Dodged            |    79 |    63 |    26 ||   168
Block: Shield            |   109 |    20 |       ||   129
       Large shield      |       |   105 |    74 ||   179

Table legend:
 A = Spawn XP
 B = Non-spawn XP
 C = Spawn XP percentage of total XP
 D = Spawn monster count
 E = Non-spawn monster count
 F = Spawn count percentage of total count
 G = Total turns spent on level
                    A         B        C        D         E        F      G
               +---------+---------+-------+---------+---------+-------+---------
         Total |       0 |    4135 |   0.0 |       0 |     145 |   0.0 |  8053
               +---------+---------+-------+---------+---------+-------+---------
           D:1 |       0 |      56 |   0.0 |       0 |      29 |   0.0 |  1051
           D:2 |       0 |     213 |   0.0 |       0 |      22 |   0.0 |  1748
           D:3 |       0 |      36 |   0.0 |       0 |      10 |   0.0 |   816
           D:4 |       0 |     425 |   0.0 |       0 |      13 |   0.0 |  1048
           D:5 |       0 |     860 |   0.0 |       0 |      18 |   0.0 |   955
           D:6 |       0 |     536 |   0.0 |       0 |      27 |   0.0 |   809
           D:7 |       0 |     856 |   0.0 |       0 |      15 |   0.0 |   795
           D:8 |       0 |    1153 |   0.0 |       0 |      11 |   0.0 |   727
               +---------+---------+-------+---------+---------+-------+---------
